 Dungeon Crawl Stone Soup version 0.23.2-40-g277498a001 (webtiles) character file.

Game seed: 17016685999340260358

37 Aggronaut the Slasher (level 3, 0/43 HPs)
             Began as a Demonspawn Berserker on Sept 25, 2019.
             Was a Follower of Trog.
             Slain by a bullfrog (5 damage)
             ... on level 2 of the Dungeon.
             The game lasted 00:03:09 (1805 turns).

Aggronaut the Slasher (Demonspawn Berserker)        Turns: 1805, Time: 00:03:11

Health: 0/43       AC:  2    Str: 23    XL:     3   Next: 21%
Magic:  3/3        EV: 12    Int:  8    God:    Trog [*.....]
Gold:   66         SH:  0    Dex: 12    Spells: 2/2 levels left

rFire    . . .     SeeInvis .   a - +0 falchion
rCold    . . .     Gourm    .   (no shield)
rNeg     . . .     Faith    .   b - +0 animal skin
rPois    .         Spirit   .   (helmet restricted)
rElec    .         Reflect  .   (no cloak)
rCorr    .         Harm     .   (no gloves)
MR       .....                  (no boots)
Stlth    ..........             (no amulet)
HPRegen  0.14/turn              (no ring)
MPRegen  0.08/turn              (no ring)

@: berserking, very quick
A: horns 2
a: Berserk, Renounce Religion


You were on level 2 of the Dungeon.
You worshipped Trog.
Trog was aware of your devotion.
You were hungry.

You visited 1 branch of the dungeon, and saw 2 of its levels.

You collected 66 gold pieces.

Inventory:

Hand Weapons
 a - a +0 falchion (weapon)
Missiles
 j - 3 tomahawks (quivered)
Armour
 b - a +0 animal skin (worn)
Scrolls
 k - a scroll of remove curse {unknown}
Potions
 d - 2 potions of agility {unknown}
 e - a potion of ambrosia {unknown}
 f - a potion of might {unknown}
 g - 2 potions of invisibility {unknown}
 i - a potion of berserk rage {unknown}
Comestibles
 c - 4 rations


   Skills:
 - Level 3.0 Fighting
 * Level 3.6 Long Blades
 + Level 2.3 Armour
 - Level 1.7 Dodging


You had 2 spell levels left.
You didn't know any spells.
Your spell library was empty.

Dungeon Overview and Level Annotations

Branches:
Dungeon (2/15)

Altars:


Innate Abilities, Weirdness & Mutations

You have a pair of horns on your head.


Message History

The bullfrog barely misses you.
You riposte.
You closely miss the bullfrog. Your headbutt misses the bullfrog.
The bullfrog is heavily wounded.
The bullfrog barely misses you.
You slash the bullfrog!
The bullfrog is almost dead.
The bullfrog hits you.
The iguana hisses menacingly.
The bullfrog hits you.
You hit the bullfrog but do no damage.
The bullfrog is almost dead.
The bullfrog hits you.
* * * LOW HITPOINT WARNING * * *
A red film seems to cover your vision as you go berserk!
You feel yourself moving faster!
You feel mighty!
You are feeling hungry.
The bullfrog hits you.
* * * LOW HITPOINT WARNING * * *
The bullfrog hits you.
You die...

.. # .## # ###
#l###.$.#.#
#.....#.....#$#.#
#.##..#......l..#
#.##.. #r# #.##..
#w# #.##.###### #F#
#.##.#....# #@#
####..#.#.##.# #.#
....#.#....#.###.#
..#.#......#.....#
#.#.#.......#######
#...#.#####.....<.#
#####.# #..####.# #
#.# #..#....# # #.#
#..#.####


You could see a bullfrog, a worm, an iguana and a rat.

Vanquished Creatures
  2 oozes (D:1)
  2 giant cockroaches (D:1)
  3 goblins
  3 ball pythons (D:1)
  8 bats
  2 frilled lizards
  3 kobolds (D:1)
  7 rats
30 creatures vanquished.

Vanquished Creatures (others)
  An adder (D:2)
  A giant cockroach (D:2)
2 creatures vanquished.

Grand Total: 32 creatures vanquished

Notes
Turn   | Place    | Note
-------+----------+-------------------------------------------
     0 | D:1      | Aggronaut the Demonspawn Berserker began the quest for the
                  | Orb.
     0 | D:1      | Reached XP level 1. HP: 18/18 MP: 1/1
   328 | D:1      | Gained mutation: You have a pair of small horns on your
                  | head. [demonic ancestry]
   328 | D:1      | Reached XP level 2. HP: 10/24 MP: 2/2
   914 | D:1      | Gained mutation: You have a pair of horns on your head.
                  | [demonic ancestry]
   914 | D:1      | Reached XP level 3. HP: 29/29 MP: 3/3
  1018 | D:1      | Reached ** piety under Trog
  1653 | D:2      | Found a faded altar of an unknown god.
  1795 | D:2      | Noticed a bullfrog
  1805 | D:2      | Slain by a bullfrog

Skill      XL: |  1 |
---------------+----+-----
Long Blades    | 3 |  3.6
Armour         | 2 |  2.3
Fighting       | |  3.0
Dodging        | |  1.7

Action                   || total
-------------------------++-------
Melee: Falchion          ||    71
       Headbutt          ||    12
Invok: Berserk           ||     1
  Use: Scroll            ||     1
 Stab: Sleeping          ||     1
  Eat: Chunk             ||     3
Armor: Animal skin       ||    12
Dodge: Dodged            ||    67
       Rpst.: Falchion   ||    25
